 Dungeon Crawl Stone Soup version 0.28-a0-535-g6f645e4c1d (webtiles) character file.

Game seed: 17265002156229423749

29684 shoop the Grappler (level 13, -3/67 HPs)
             Began as a Vine Stalker Warper on Sept 26, 2021.
             Was a High Priest of Kikubaaqudgha.
             Slain by a dire elephant (15 damage)
             ... on level 6 of the Lair of Beasts.
             The game lasted 01:00:01 (17780 turns).

shoop the Grappler (Vine Stalker Warper)           Turns: 17780, Time: 01:00:02

Health: -3/67      AC: 12    Str: 16    XL:     13   Next: 46%
Magic:  0/27       EV: 15    Int: 23    God:    Kikubaaqudgha [*****.]
Gold:   986        SH:  0    Dex: 13    Spells: 15/30 levels left

rFire   . . .      SeeInvis .     - Unarmed
rCold   . . .      Faith    +   (shield currently unavailable)
rNeg    . . .      Spirit   +   R - +2 leather armour {rPois}
rPois   +          Reflect  .   Z - +0 helmet
rElec   .          Harm     .   j - +0 cloak
rCorr   .          Rampage  .   (gloves currently unavailable)
Will    +....                   O - +0 pair of boots
Stlth   +++.......              q - amulet of faith
HPRegen 1.21/turn               i - +4 ring of protection
MPRegen 0.20/turn               Q - +6 ring of intelligence

@: blade hands (expiring)
A: fangs 3, regeneration 1, magic shield, antimagic bite, no potion heal 2
a: End Transformation, Renounce Religion, Receive Corpses, Torment


You were on level 6 of the Lair of Beasts.
You worshipped Kikubaaqudgha.
Kikubaaqudgha was extremely pleased with you.
You had blades for hands.
You visited 3 branches of the dungeon, and saw 19 of its levels.
You also visited: Ossuary.

You collected 1106 gold pieces.
You spent 120 gold pieces at shops.

Inventory:

Hand Weapons
 a - a +2 dagger of venom (melded)
Missiles
 d - 5 boomerangs of dispersal (quivered)
 v - a throwing net
 x - 2 curare-tipped darts
Armour
 j - a +0 cloak (worn)
 C - a +0 pair of gloves (melded)
 M - a +1 ring mail of willpower
 O - a +0 pair of boots (worn)
 R - a +2 leather armour of poison resistance (worn)
 Z - a +0 helmet (worn)
Magical Staves
 U - a staff of death
Jewellery
 g - an amulet of magic regeneration
 i - a +4 ring of protection (left blade hand)
 q - an amulet of faith (around neck)
 y - a ring of willpower
 A - a ring of protection from cold
 Q - a +6 ring of intelligence (right blade hand)
 V - a +6 ring of strength
 X - a ring of wizardry
Wands
 e - a wand of charming (14)
 o - a wand of iceblast (12)
 w - a wand of digging (25)
 H - a wand of polymorph (7)
 J - a wand of paralysis (12)
 K - a wand of acid (6)
 L - a wand of mindburst (8)
Scrolls
 b - a scroll of acquirement {unknown}
 c - 3 scrolls of blinking
 f - a scroll of fog
 h - 3 scrolls of amnesia
 k - 2 scrolls of brand weapon
 l - 2 scrolls of enchant weapon
 p - 3 scrolls of teleportation {unknown}
 s - 5 scrolls of magic mapping {unknown}
 u - 2 scrolls of holy word
 G - 2 scrolls of vulnerability
 I - a scroll of immolation {unknown}
 W - 2 scrolls of enchant armour
 Y - 3 scrolls of torment
Potions
 m - 4 potions of degeneration {unknown}
 n - 11 potions of curing
 r - 2 potions of magic
 t - 3 potions of mutation {unknown}
 z - 2 potions of invisibility
 B - 3 potions of flight
 D - 5 potions of berserk rage
 E - a potion of haste
 F - 9 potions of attraction {unknown}
 N - 3 potions of lignification {unknown}
 P - 3 potions of cancellation {unknown}
 S - a potion of ambrosia
 T - 2 potions of brilliance


   Skills:
 - Level 7.0 Fighting
 - Level 2.2 Short Blades
 - Level 2.0 Throwing
 - Level 1.0 Armour
 + Level 8.8 Dodging
 - Level 6.0 Stealth
 - Level 12.0 Unarmed Combat
 - Level 9.0 Spellcasting
 - Level 5.0 Translocations
 - Level 9.0 Transmutations
 - Level 0.1 Fire Magic
 - Level 2.0 Earth Magic
 - Level 3.0 Evocations


You had 15 spell levels left.
You knew the following spells:

 Your Spells              Type           Power      Damage    Failure   Level
a - Blade Hands           Tmut           25%        N/A       34%         5
b - Blink                 Tloc           N/A        N/A       19%         2
c - Lesser Beckoning      Tloc           33%        N/A       26%         3
d - Teleport Other        Tloc           33%        N/A       26%         3
p - Passwall              Tmut/Erth      29%        N/A       17%         2

Your spell library contained the following spells:

 Spells                   Type           Power      Damage    Failure   Level
 Sandblast                Erth           38%        2d10      26%         1
 Gell's Gravitas          Tloc           16%        N/A       26%         3
 Pain                     Necr           40%        1d6       41%         1
 Portal Projectile        Hex/Tloc       42%        N/A       43%         3
 Corpse Rot               Necr/Air       N/A        N/A       50%         2
 Poisonous Vapours        Pois/Air       20%        N/A       50%         2
 Slow                     Hex            10%        N/A       50%         2
 Sublimation of Blood     Necr           5%         N/A       50%         2
 Stone Arrow              Conj/Erth      28%        3d8       56%         3
 Confusing Touch          Hex            10%        N/A       65%         3
 Vampiric Draining        Necr           5%         2d6       65%         3
 Manifold Assault         Tloc           33%        N/A       69%         5
 Yara's Violent Unravell  Hex/Tmut       15%        3d8       75%         5
 Dispel Undead            Necr           10%        3d9       91%         4
 Borgnjor's Vile Clutch   Necr/Erth      7%         N/A       98%         5
 Excruciating Wounds      Necr           5%         N/A       99%         5
 Death Channel            Necr           5%         N/A       100%        6
 Simulacrum               Ice/Necr       5%         N/A       100%        6


Dungeon Overview and Level Annotations

Branches:
Dungeon (12/15)            Temple (1/1) D:7            Lair (6/6) D:11
 Spider (0/4) Lair:4        Slime (0/5) Lair:6      Ossuary (visited)
  Swamp: Lair:2-4    Shoals: Lair:2-4       Orc: D:9-12

Altars:
Cheibriados
Fedhas
Gozag
Hepliaklqana
Kikubaaqudgha
Nemelex Xobeh
Okawaru
Qazlal
Ru
Sif Muna
Trog
Vehumet
Wu Jian
Yredelemnul
Jiyva

Shops:
D:7 =*(   D:9 [   D:10 (

Annotations:
D:10 Fannar
D:11 exclusion: 2 hydras
Lair:2 exclusion: centaur
Lair:4 3 runed translucent doors, speeev33's ghost, journeyman GrFi
Lair:6 exclusion: oklob plant


Innate Abilities, Weirdness & Mutations

You have blades for hands.
Your spellcasting is less reliable in this form.
You are incapable of wielding weapons or throwing items.
You have razor-sharp teeth.
Your natural rate of healing is unusually fast.
When hurt, damage is shared between your health and your magic reserves.
Your bite disrupts and absorbs the magic of your enemies.
Potions cannot restore your health.


Message History

The withered plant begins to crumble.
The necromancer hits the withered plant with a +2 dagger of venom!
The necromancer hits the withered plant with a +2 dagger of venom!
You slice the dire elephant!! You bite the dire elephant. You drain its power.
You feel invigorated.
The dire elephant is lightly wounded.
The dire elephant is engulfed in freezing vapours.
The dire elephant tramples you.
You stumble backwards!
The necromancer hits the withered plant with a +2 dagger of venom.
You hit the dire elephant but do no damage.
You bite the dire elephant. You drain its power.
You feel invigorated.
The dire elephant is moderately wounded.
Your transformation is almost over.
The dire elephant tramples you!
You stumble backwards!
The necromancer hits the withered plant with a +2 dagger of venom.
You hit the dire elephant but do no damage.
You bite the dire elephant, but do no damage.
The dire elephant is moderately wounded.
The dire elephant tramples you!!
You hold your ground!
The dire elephant trunk-slaps you.
You hit the dire elephant but do no damage.
You bite the dire elephant, but do no damage.
The dire elephant is moderately wounded.
The withered plant crumbles away.
You slash the dire elephant!
The dire elephant is moderately wounded.
The dire elephant closely misses you. The dire elephant trunk-slaps you!
You slash the dire elephant!
You bite the dire elephant, but do no damage.
The dire elephant is heavily wounded.
The dire elephant tramples you.
You hold your ground!
The dire elephant misses you.
You slice the dire elephant!!
The dire elephant is severely wounded.
The dire elephant tramples you!!
* * * LOW HITPOINT WARNING * * *
You stumble backwards!
The dire elephant tramples you!!
You die...
Kikubaaqudgha rasps: "You have failed me!
Welcome... death!"

...######..#....#.## .###
##...####.# #.#
##..###.#.# .##
###..P##.†#.# .##
###.#..####.#.## ###
..###....#...#..#.8##8[|8
...##...........'..8#.)[.
...###....#.P...'Y⌠P#p...
......#.....#P..@..8#Y..P
.....####..###..#.8##8..8
#P...###........#.## #++#
##....P.....P...#.#
###..........##.#$#
##....P.....#P.#.#
##.........####.#.#
.##P......## ##.#.P
####..#...# #..#


You could see 2 dire elephants and a necromancer.

Vanquished Creatures
  A dire elephant (Lair:6)
  Josephine (Lair:4)
  A two-headed ogre (D:9)
  A cyclops (D:10)
  A moth of wrath (Lair:4)
  A manticore (D:12)
  3 black mambas
  14 cane toads
  Maggie (D:7)
  6 komodo dragons
  A rime drake (Lair:5)
  4 slime creatures
  10 dream sheep
  18 blink frogs
  Prince Ribbit (D:8)
  A redback (Lair:4)
  7 wraiths
  A basilisk (shapeshifter) (D:12)
  3 basilisks
  34 yaks
  Grum (D:8)
  18 water moccasins
  A necrophage (D:6)
  An ice beast (D:7)
  3 orc warriors
  2 black bears
  11 wolves
  8 centaurs
  A phantom (D:4)
  A kobold brigand (D:6)
  3 elf zombies (Ossuary)
  8 bullfrogs
  A wyvern zombie (D:6)
  A scorpion (D:3)
  A water moccasin skeleton (D:5)
  10 killer bees
  An elephant simulacrum (Lair:6)
  3 howler monkeys
  An electric eel (Lair:4)
  3 centaur zombies
  3 hounds
  7 orc priests
  A centaur skeleton (D:6)
  A gnoll shaman (D:6)
  A jelly (D:7)
  5 iguanas
  2 human zombies (Ossuary)
  5 orc wizards
  7 hell rats (Lair:3)
  A killer bee zombie (D:6)
  2 mummies (Ossuary)
  2 howler monkey zombies (D:9)
  8 gnolls
  8 adders
  A shadow imp (D:7)
  2 white imps
  2 ufetubi
  An adder skeleton (D:5)
  35 orcs
  5 ball pythons
  9 bats
  10 endoplasms
  2 giant cockroaches (D:3)
  12 goblins
  6 hobgoblins
  2 jackals (D:1)
  4 quokkas
  3 frilled lizards
  3 goblin zombies
  11 hobgoblin zombies (Ossuary)
  8 kobolds
  7 kobold zombies (Ossuary)
  12 orc zombies
  3 rats
380 creatures vanquished.

Vanquished Creatures (others)
  2 bushes
  62 fungi
  76 plants
  9 withered plants (Lair:6)
149 creatures vanquished.

Grand Total: 529 creatures vanquished

Notes
Turn   | Place    | Note
-------+----------+-------------------------------------------
     0 | D:1      | shoop the Vine Stalker Warper began the quest for the Orb.
     0 | D:1      | Reached XP level 1. HP: 11/11 MP: 4/4
   107 | D:1      | Reached skill level 1 in Throwing
   135 | D:1      | Reached XP level 2. HP: 2/15 MP: 1/6
   138 | D:1      | Learned a level 2 spell: Blink
   961 | D:1      | Reached XP level 3. HP: 18/18 MP: 7/7
   999 | D:1      | Reached skill level 1 in Armour
  1051 | D:1      | Reached skill level 1 in Stealth
  1759 | D:1      | Gained mutation: Your natural rate of healing is unusually
                  | fast. [Vine Stalker growth]
  1759 | D:1      | Reached XP level 4. HP: 10/23 MP: 6/8
  1803 | D:2      | Found a faded altar of an unknown god.
  2063 | D:2      | Reached XP level 5. HP: 18/26 MP: 4/9
  2067 | D:2      | Learned a level 3 spell: Teleport Other
  2726 | D:3      | Reached XP level 6. HP: 30/30 MP: 11/11
  3700 | D:4      | Found a sand-covered staircase.
  3730 | Ossuary  | Entered an ossuary
  3930 | Ossuary  | Reached XP level 7. HP: 36/36 MP: 14/14
  4091 | Ossuary  | Reached skill level 5 in Translocations
  4317 | D:4      | Reached skill level 2 in Unarmed Combat
  4426 | D:4      | Reached skill level 3 in Unarmed Combat
  4520 | D:5      | Entered Level 5 of the Dungeon
  4536 | D:5      | Gained mutation: You have razor-sharp teeth. [Vine Stalker
                  | growth]
  4536 | D:5      | Reached XP level 8. HP: 36/40 MP: 12/15
  4698 | D:4      | Learned a level 3 spell: Lesser Beckoning
  4861 | D:5      | Reached skill level 4 in Unarmed Combat
  4861 | D:5      | Reached skill level 1 in Evocations
  5506 | D:6      | Learned a level 5 spell: Blade Hands
  5564 | D:6      | Reached skill level 1 in Transmutations
  5673 | D:6      | Reached skill level 5 in Unarmed Combat
  5985 | D:6      | Found a sparkling altar of Nemelex Xobeh.
  6635 | D:7      | Reached XP level 9. HP: 40/44 MP: 16/16
  6666 | D:6      | Reached skill level 6 in Unarmed Combat
  6757 | D:7      | Found Ronumyo's General Store.
  6765 | D:7      | Bought a potion of berserk rage for 75 gold pieces
  6765 | D:7      | Bought a potion of curing for 45 gold pieces
  6865 | D:7      | Reached skill level 5 in Transmutations
  6889 | D:7      | Found Woly's Jewellery Boutique.
  6955 | D:7      | Found a staircase to the Ecumenical Temple.
  6958 | D:7      | Found Foom's Antique Weapon Boutique.
  6979 | Temple   | Entered the Ecumenical Temple
  7038 | Temple   | Became a worshipper of Kikubaaqudgha
  7178 | D:7      | Noticed Maggie
  7321 | D:7      | Killed Maggie
  7322 | D:7      | Reached skill level 5 in Spellcasting
  7609 | D:8      | Noticed Prince Ribbit
  7625 | D:8      | Killed Prince Ribbit
  7850 | D:8      | Noticed Grum
  8313 | D:8      | Killed Grum
  8452 | D:8      | Reached XP level 10. HP: 42/49 MP: 17/20
  8626 | D:9      | Reached * piety under Kikubaaqudgha
  8626 | D:9      | Received a gift from Kikubaaqudgha
  8803 | D:9      | Found Olel Zoh's Armour Boutique.
  8815 | D:9      | Learned a level 2 spell: Passwall
  9205 | D:9      | Reached skill level 1 in Earth Magic
  9301 | D:10     | Entered Level 10 of the Dungeon
  9306 | D:10     | Identified the +8 spear of the Dead {protect, Contam Str+5
                  | SInv}
  9446 | D:10     | Noticed a two-headed ogre
  9516 | D:10     | Noticed Fannar
  9621 | D:9      | Killed a two-headed ogre
  9761 | D:10     | Found Sephodin's Weapon Shoppe.
  9842 | D:10     | Noticed a cyclops
  9851 | D:10     | Killed a cyclops
  9862 | D:10     | Reached skill level 7 in Unarmed Combat
  9888 | D:10     | Noticed a two-headed ogre
 10292 | D:11     | Reached skill level 8 in Unarmed Combat
 10360 | D:11     | Reached XP level 11. HP: 52/52 MP: 16/22
 10396 | D:11     | Reached skill level 9 in Unarmed Combat
 10443 | D:11     | Noticed a two-headed ogre
 10647 | D:11     | Found a staircase to the Lair.
 10739 | D:11     | Noticed a six-headed hydra
 10774 | D:11     | Noticed a two-headed ogre
 10918 | D:11     | Noticed a six-headed hydra
 11198 | D:12     | Noticed a manticore
 11263 | D:12     | Noticed a white ugly thing
 11263 | D:12     | Noticed an orc knight
 11265 | D:12     | Killed a manticore
 11266 | D:12     | Reached skill level 5 in Stealth
 11470 | Lair:1   | Entered Level 1 of the Lair of Beasts
 11771 | Lair:1   | Reached skill level 10 in Unarmed Combat
 12126 | Lair:1   | You fall into a shaft and drop 1 floor!
 12129 | Lair:2   | Reached ** piety under Kikubaaqudgha
 13137 | Lair:2   | Noticed an eight-headed hydra
 13244 | Lair:2   | Reached skill level 11 in Unarmed Combat
 13430 | Lair:2   | Reached XP level 12. HP: 49/56 MP: 12/25
 13704 | Lair:3   | Reached skill level 12 in Unarmed Combat
 13776 | Lair:3   | Reached *** piety under Kikubaaqudgha
 13776 | Lair:3   | Received a gift from Kikubaaqudgha
 14139 | Lair:3   | Reached skill level 5 in Fighting
 15149 | Lair:4   | Noticed Josephine
 15168 | Lair:4   | Killed Josephine
 15168 | Lair:4   | Reached **** piety under Kikubaaqudgha
 15292 | Lair:4   | Noticed speeev33's ghost (journeyman GrFi)
 15301 | Lair:4   | Found a runed translucent gate.
 15301 | Lair:4   | Found a runed translucent gate.
 15301 | Lair:4   | Found a runed translucent gate.
 15309 | Lair:4   | Noticed Nessos
 15311 | Lair:4   | Noticed Nessos
 15311 | Lair:4   | Nessos changed into Nessos the moth of wrath
 15320 | Lair:4   | Killed Nessos the moth of wrath
 15664 | Lair:4   | Found a hole to the Spider Nest.
 15875 | Lair:5   | Reached skill level 5 in Dodging
 16014 | Lair:5   | Reached XP level 13. HP: 67/67 MP: 21/27
 17025 | Lair:6   | Entered Level 6 of the Lair of Beasts
 17088 | Lair:6   | Reached ***** piety under Kikubaaqudgha
 17203 | Lair:6   | Found a viscous altar of Jiyva.
 17203 | Lair:6   | Found a staircase to the Slime Pits.
 17333 | Lair:6   | Noticed a dire elephant
 17333 | Lair:6   | Noticed a dire elephant
 17426 | Lair:6   | Found a snail-covered altar of Cheibriados.
 17761 | Lair:6   | Killed a dire elephant
 17766 | Lair:6   | Noticed a dire elephant
 17780 | Lair:6   | Slain by a dire elephant

Illustrated notes

Levels and vault maps discovered:
D:1:      matt_arrival_refuge, layout_basic
D:2:      layout_rooms, ebering_ecumenical_altar_ruins
D:3:      layout_loops_corners
D:4:      layout_cave_pods, enter_ossuary_3
D:5:      layout_cave_pools, corexii_shack
D:6:      layout_basic, nemelex_altar_shiori
D:7:      layout_rooms, minmay_temple_entry_overgrown, serial_shops,
          kennysheep_mini_moat, nicolae_shop_trees, shop,
          kennysheep_generic_room_9, uniq_maggie
D:8:      layout_loops_cross, uniq_prince_ribbit1, uniq_grum
D:9:      layout_rooms, serial_shops, shop
D:10:     layout_stronghold, tgw_xom, serial_shops, nicolae_shop_statue_plus,
          uniq_fannar
D:11:     layout_rooms, due_lair_maze_entry_diamond
D:12:     minmay_isolated_rectangles_in_corner, layout_irregular_city,
          minmay_orc_entry_guard_dogs, kennysheep_opposing_triangles
Temple:   regret_index_temple_chain_breaker
Lair:1:   layout_cave_pods, grunt_megastairs_4
Lair:2:   layout_regular_city, minmay_shoals_entry_centaurs, roderic_batcave,
          st_stairs_10, chequers_serial_rivers_micro_d
Lair:3:   layout_hall_layers
Lair:4:   layout_long_grid, spider_nest_entry_webs, gammafunk_ghost_split,
          infiniplex_staircase_pool, wad_woods_river_01, lemuel_fruit_tree,
          serial_bayou_shore_b, uniq_nessos, uniq_josephine
Lair:5:   layout_cave_pods
Lair:6:   due_jungle_book, layout_misc_corridors, slime_altar_1,
          lemuel_oklob_altar, grunt_megastairs_2

Skill      XL: |  1  2  3  4  5  6  7  8  9 10 11 12 13 |
---------------+----------------------------------------+-----
Short Blades   | 2 |  2.2
Throwing       | 1 2 |  2.0
Armour         | 1 |  1.0
Stealth        | 2 3 6 |  6.0
Fighting       | 2 3 7 |  7.0
Dodging        | 2 6 8 |  8.8
Spellcasting   | 3 4 6 7 8 9 |  9.0
Translocations | 4 5 |  5.0
Unarmed Combat | 3 5 6 8 11 12 | 12.0
Evocations     | 3 |  3.0
Transmutations | 3 7 9 |  9.0
Earth Magic    | 2 |  2.0
Fire Magic     | |  0.1

Action                   |  1- 3 |  4- 6 |  7- 9 | 10-12 | 13-15 || total
-------------------------+-------+-------+-------+-------+-------++-------
Melee: Short sword       |   102 |    37 |       |       |       ||   139
       Bite              |    24 |    76 |   145 |   113 |    24 ||   382
       Spear             |       |    16 |       |       |       ||    16
       Dagger            |       |   231 |   484 |   131 |     9 ||   855
       Whip              |       |       |    17 |       |       ||    17
       Unarmed           |       |       |     7 |   316 |    95 ||   418
       Punch             |       |       |     7 |    22 |     3 ||    32
Throw: Dart              |     1 |     5 |     9 |    53 |       ||    68
 Cast: Teleport Other    |       |       |    20 |    29 |       ||    49
       Blink             |       |       |     4 |    16 |       ||    20
       Lesser Beckoning  |       |       |     1 |     4 |       ||     5
       Blade Hands       |       |       |       |    58 |    15 ||    73
Evoke: Wand              |       |       |       |     6 |       ||     6
  Use: Scroll            |       |       |       |    16 |       ||    16
 Stab: Sleeping          |       |    10 |     9 |     5 |     1 ||    25
       Distracted        |       |       |       |     1 |       ||     1
Armor: Leather armour    |    22 |    85 |   178 |   118 |    14 ||   417
Dodge: Dodged            |    47 |   118 |   281 |   207 |    45 ||   698

Table legend: (Time is in decaauts)
 A = Elapsed time spent in this place.
 B = Non-inter-level travel time spent in this place.
 C = Inter-level travel time spent in this place.
 D = Time resting spent in this place.
 E = Time spent auto-exploring this place.
 F = Levels seen in this place.
 G = Mean time per level.
                   A        B        C        D        E       F      G
               +--------+--------+--------+--------+--------+-----+--------+
         Total |  17638 |  16887 |    751 |   1099 |  11519 |  20 |  881.9 |
       Dungeon |  10944 |  10498 |    446 |    830 |   6993 |  12 |  912.0 |
        Temple |     79 |     59 |     20 |      0 |     45 |   1 |   79.0 |
          Lair |   6259 |   5975 |    284 |    269 |   4403 |   6 | 1043.2 |
       Ossuary |    354 |    354 |      0 |      0 |     77 |   1 |  354.0 |
               +--------+--------+--------+--------+--------+-----+--------+

Top non-repeatable levels by time:
     D:1: 1454 daAuts
     D:6: 1419 daAuts
  Lair:1: 1280 daAuts
  Lair:5: 1220 daAuts
  Lair:3: 1203 daAuts
    D:11: 1164 daAuts
     D:8: 1048 daAuts
  Lair:4: 1027 daAuts
     D:3: 980 daAuts
     D:4: 933 daAuts
     D:9: 870 daAuts
  Lair:2: 856 daAuts
     D:2: 833 daAuts
    D:10: 725 daAuts
     D:5: 722 daAuts
